Map: Cerulean Fall LE

Players

Lambo - Winner!

  • Race: Zerg Zerg
  • League: Grandmaster
  • Spawn Location: 7:00

IIIIIIIIIIII

  • Race: Protoss Protoss
  • League: Grandmaster
  • Spawn Location: 1:00

VOD

Have the link to the VOD?

Description

Time

  • Played on: Jan. 6, 2019, 12:40 p.m.
  • Length: 7:45
Show
View Real Time Build Order
Export as new Build Order

Lambo Zerg - Winner!

Build Orders: Hatch First 

Get SALT Encoding   

  12  0:00  Drone  
  13  0:13  Overlord  
  13  0:17  Drone  
  14  0:31  Drone x2  
  16  0:49  Hatchery  
  15  0:51  Drone  
  15  0:55  Drone  
  17  0:59  Drone  
  18  1:09  Extractor  
  17  1:13  Spawning Pool  
  17  1:17  Drone  
  17  1:20  Drone  
  18  1:28  Drone  
  19  1:39  Drone  
  20  1:55  Overlord  
  20  2:02  Queen x2, Zergling x4  
  26  2:10  Metabolic Boost  
  26  2:13  Drone  
  26  2:14  Drone  
  28  2:22  Drone  
  29  2:23  Drone  
  30  2:36  Hatchery  
  29  2:39  Drone  
  29  2:43  Drone  
  31  2:44  Drone  
  31  2:50  Queen  
  33  2:58  Zergling x4  
  33  3:04  Overlord  
  35  3:19  Drone x2  
  35  3:21  Overlord  
  35  3:22  Drone x4  
  35  3:23  Drone  
  39  3:28  Queen  
  39  3:30  Drone  
  39  3:32  Spore Crawler  
  41  3:44  Drone x2  
  41  3:48  Queen  
  43  3:50  Drone  
  43  3:51  Drone  
  43  3:54  Drone  
  48  3:58  Drone  
  48  3:59  Spore Crawler  
  48  4:01  Overlord  
  48  4:02  Drone  
  49  4:14  Drone  
  50  4:20  Drone  
  50  4:21  Drone x7  
  58  4:26  Overlord  
  58  4:27  Lair  
  58  4:30  Roach Warren  
  56  4:38  Drone  
  56  4:43  Overlord, Extractor  
  56  4:44  Extractor, Drone  
  56  4:45  Overlord  
  56  4:46  Drone x3  
  56  4:51  Drone x4  
  63  4:54  Drone  
  63  4:55  Drone  
  65  5:02  Zergling x10  
  65  5:07  Zergling x2  
  71  5:15  Drone x5  
  71  5:18  Overlord x2  
  76  5:23  Overlord  
  76  5:24  Zergling x10  
  76  5:27  Glial Reconstitution  
  81  5:31  Zergling x4  
  81  5:37  Roach  
  81  5:39  Roach  
  84  5:43  Roach x2  
  84  5:46  Roach x3  
  88  5:51  Roach x2  
  88  5:52  Roach x2  
  92  5:58  Roach x4  
  91  6:14  Roach x2  
  91  6:18  Extractor  
  93  6:20  Roach x2  
  93  6:23  Zergling x14  
  104  6:29  Overlord  
  104  6:31  Overlord  
  104  6:33  Overlord  
  104  6:35  Zergling x2  
  105  6:40  Overlord  
  105  6:41  Overlord x2  
  105  6:43  Ravager  
  106  6:47  Zergling x6  
  106  6:48  Zergling x4  
  106  6:49  Ravager  
  106  6:50  Ravager  
  106  6:52  Zergling x4  
  114  7:02  Zergling x10  
  114  7:05  Zergling x2  
  114  7:06  Zergling x2  
  111  7:17  Roach x7  
  111  7:22  Zergling x6  
Show
View Real Time Build Order
Export as new Build Order

IIIIIIIIIIII Protoss 

Build Orders: 1 Gate Expand, Oracle Opening, Phoenix Opening 

Get SALT Encoding   

  12  0:00  Probe  
  13  0:13  Probe  
  14  0:19  Pylon  
  14  0:25  Probe  
  15  0:33  Probe  
  15  0:41  Probe  
  16  0:45  Gateway  
  16  0:47  Assimilator  
  17  0:51  Probe  
  18  1:03  Probe  
  19  1:15  Probe  
  20  1:25  Nexus  
  20  1:35  Cybernetics Core  
  20  1:41  Probe  
  20  1:45  Assimilator  
  21  1:53  Probe  
  22  1:55  Pylon  
  22  2:04  Adept  
  22  2:05  Probe  
  25  2:18  Stargate, Probe  
  25  2:22  Adept  
  26  2:31  Probe  
  26  2:35  Probe  
  29  2:43  Probe x2  
  31  2:48  Adept  
  34  2:53  Probe  
  34  2:55  Probe  
  36  3:03  Phoenix  
  36  3:05  Probe, Warp Gate  
  38  3:07  Probe  
  40  3:18  Probe  
  41  3:22  Probe  
  41  3:24  Oracle  
  40  3:30  Probe, Gateway  
  41  3:34  Gateway, Probe  
  41  3:37  Pylon  
  45  3:45  Twilight Council  
  45  3:47  Pylon  
  45  3:53  Resonating Glaives  
  45  3:55  Adept  
  47  3:57  Probe x2  
  49  4:02  Assimilator  
  49  4:04  Assimilator  
  49  4:09  Probe  
  51  4:10  Probe  
  51  4:22  Probe x2  
  51  4:24  Adept x3  
  57  4:31  Pylon x2  
  59  4:36  Probe x2  
  61  4:43  Pylon  
  61  4:57  Nexus  
  61  5:04  Probe x2  
  61  5:07  Adept x3  
  68  5:20  Robotics Facility  
  68  5:21  Robotics Facility  
  68  5:23  Probe x2  
  70  5:32  Sentry x2  
  70  5:33  Sentry  
  75  5:36  Probe x2  
  75  5:40  Forge  
  75  5:42  Twilight Council  
  77  5:48  Probe x2  
  77  6:02  Probe x2, Immortal x2  
  67  6:14  Probe x2  
  67  6:17  Pylon  
  67  6:18  Adept x3  
  77  6:23  Probe  
  80  6:27  Gateway  
  80  6:33  Probe x2  
  80  6:35  Probe  
  83  6:46  Immortal x2  
  91  6:48  Probe x2  
  91  6:50  Probe  
  94  6:57  Templar Archives  
  94  7:00  Zealot x2  
  95  7:07  Sentry  
  85  7:20  Zealot x2  
  74  7:30  Sentry  
  72  7:39  Zealot  
Tags
 
Add a new tag
Caveats
  • Supply blocks, unpowered buildings, or Contaminate may cause inaccurate times.
  • Supply counts are checked every 10 seconds.